 Dungeon Crawl Stone Soup version 0.23-a0-61-g4bf3f6c (console) character file.

55 yesno the Digger (level 3, -1/24 HPs)
             Began as a Vampire Earth Elementalist on Aug 7, 2018.
             Hit by a tomahawk thrown by a goblin (4 damage)
             ... on level 2 of the Dungeon on Aug 10, 2018.
             The game lasted 00:16:11 (1551 turns).

yesno the Digger (Vampire Earth Elementalist)       Turns: 1551, Time: 00:16:12

Health: -1/24      AC:  2    Str:  8    XL:     3   Next: 67%
Magic:  3/7        EV: 13    Int: 17    God:
Gold:   47         SH:  0    Dex: 14    Spells: 4/7 levels left

rFire    . . .     SeeInvis +   l - +0 dagger
rCold    + . .     Gourm    .   (no shield)
rNeg     + + .     Faith    .   c - +0 robe
rPois    +         Spirit   .   (no helmet)
rElec    .         Reflect  .   (no cloak)
rCorr    .         Harm     .   (no gloves)
MR       .....                  (no boots)
Stlth    +++.......             (no amulet)
HPRegen  0.04/turn              (no ring)
MPRegen  0.10/turn              (no ring)

@: very slightly contaminated, regenerating slowly
A: fangs 3, see invisible, unbreathing
a: Bat Form


You were on level 2 of the Dungeon.
You were near bloodless.

You visited 1 branch of the dungeon, and saw 2 of its levels.

You collected 47 gold pieces.

Inventory:

Hand Weapons
 h - a +0 club
 l - a +0 dagger (weapon)
Missiles
 b - 17 stones (quivered)
Armour
 c - a +0 robe (worn)
Scrolls
 a - a scroll of remove curse {unknown}
 f - a scroll of amnesia {unknown}
 g - 2 scrolls of identify {unknown}
Potions
 d - 8 potions of blood
 e - a potion of invisibility {unknown}
 i - a potion of heal wounds {unknown}
 j - a potion of magic {unknown}
 k - a potion of flight {unknown}
 m - 2 potions of curing {unknown}


   Skills:
 + Level 0.2 Fighting
 + Level 0.5 Maces & Flails
 + Level 2.4 Dodging
 + Level 3.5 Stealth
 + Level 2.6 Spellcasting
 + Level 1.1 Transmutations
 + Level 3.6 Earth Magic


You had 4 spell levels left.
You knew the following spells:

 Your Spells              Type           Power        Failure   Level  Hunger
a - Sandblast             Erth           ##....       4%          1    #......
b - Passwall              Tmut/Erth      ##......     11%         2    ##.....

Your spell library contained the following spells:

 Spells                   Type           Power        Failure   Level  Hunger
 Stone Arrow              Conj/Erth      #.....       26%         3    ###....
 Lee's Rapid Deconstruct  Erth           ##........   75%         5    ######.
 Petrify                  Tmut/Erth      ##......     56%         4    #####..


Dungeon Overview and Level Annotations

Branches:
Dungeon (2/15)

Altars:
Ru


Innate Abilities, Weirdness & Mutations

You heal slowly.
You have razor-sharp teeth.
You have supernaturally acute eyesight. (SInv)
You can survive without breathing.


Message History

Casting: Sandblast (safe; 4% risk of failure)
Confirm with . or Enter, or press ? or * to list all spells.
Aiming: Sandblast (safe; 4% risk of failure)
Press: ? - help, Shift-Dir - straight line, f - leopard gecko
Aim: a leopard gecko (severely wounded, clinging)
You miscast Sandblast.
You are very lightly contaminated with residual magic.
Nothing appears to happen.
The leopard gecko bites you.
* * * LOW HITPOINT WARNING * * *
You take 4 damage, and have 3/24 hp.
You now have 4/6 mp.
Casting: Sandblast (safe; 4% risk of failure)
Confirm with . or Enter, or press ? or * to list all spells.
Aiming: Sandblast (safe; 4% risk of failure)
Press: ? - help, Shift-Dir - straight line, f - goblin, p - leopard gecko
Aim: a goblin The blast of sand hits the leopard gecko.
You kill the leopard gecko!
b - 17 stones The goblin throws a tomahawk.
The tomahawk hits you.
You die...

▒▒▒ ▒<▒ ▒·▒ ▒·▒
▒·▒ ▒·▒ ▒·▒ ▒·▒
▒▒▒▒▒▒▒▒▒▒·▒▒▒▒▒▒
>··$··············
▒▒·····@··▒▒▒▒▒▒▒
· ····▒▒†▒▒▒▒ ···
·▒▒$▒·g·▒▒
····▒▒▒···▒··▒··
··▒··········Ξ···
·······↑·▒▒▒····PP
·········▒ ▒▒··PP
·········▒ ▒▒PP
▒········▒ ·P
▒···▄····▒
·········▒


You could see a goblin.

Vanquished Creatures
  2 adders (D:2)
  A dart slug (D:1)
  A leopard gecko (D:2)
  2 giant cockroaches (D:1)
  5 goblins (D:1)
  4 hobgoblins
  2 jackals (D:1)
  2 ball pythons (D:1)
  3 bats (D:1)
  2 frilled lizards (D:1)
  3 kobolds
  8 rats (D:1)
35 creatures vanquished.

Notes
Turn   | Place    | Note
-------+----------+-------------------------------------------
     0 | D:1      | yesno the Vampire Earth Elementalist began the quest for the Orb.
     0 | D:1      | Reached XP level 1. HP: 13/13 MP: 3/3
   254 | D:1      | Reached XP level 2. HP: 14/19 MP: 3/5
   258 | D:1      | Learned a level 2 spell: Passwall
   804 | D:1      | Upgraded the game from 0.23-a0-49-gd9f7a49 to 0.23-a0-61-g4bf3f6c
  1004 | D:1      | Reached XP level 3. HP: 24/24 MP: 6/6
  1532 | D:2      | Found a sacrificial altar of Ru.
  1551 | D:2      | Hit by a tomahawk thrown by a goblin

Vault maps used:
D:1:      minmay_arrival_four_loops, minmay_misc_feat_pillars,
          hangedman_decor_points, solitary_fountain, roderic_serpentine_path
D:2:      yredelemnul_altar_generic, overflow_temple_1_default, fedhas_altar_3,
          palyth_stone_intersect, nicolae_ru_great_annihilating_truth

Action                   || total
-------------------------++-------
Melee: Unarmed           ||     8
       Club              ||    39
       Bite              ||     9
       Dagger            ||    30
 Cast: Sandblast         ||    27
 Stab: Sleeping          ||     7
Armor: Robe              ||    21
Dodge: Dodged            ||    51

Table legend:
 A = Non-vault XP
 B = Vault XP
 C = Vault XP percentage of total XP
 D = Non-vault monster count
 E = Vault monster count
 F = Vault count percentage of total count
 G = Total turns spent on level
                 A         B        C        D         E       F
            +---------+---------+-------+---------+---------+-------
      Total |      79 |       0 |   0.0 |      35 |       0 |   0.0
            +---------+---------+-------+---------+---------+-------
        D:1 |      45 |       0 |   0.0 |      30 |       0 |   0.0
        D:2 |      34 |       0 |   0.0 |       5 |       0 |   0.0
            +---------+---------+-------+---------+---------+-------
